 Dungeon Crawl Stone Soup version 0.31-a0-185-g9dded2c639 (webtiles) character file.

Game seed: 14855469647903935514

508 qw the Skirmisher (level 6, -11/35 HPs)
             Began as a Deep Elf Hunter on June 22, 2023.
             Killed by nerve-wracking pain
             ... invoked by an orc priest
              (12 damage)
             ... on level 5 of the Dungeon.
             The game lasted 00:01:28 (3345 turns).

qw the Skirmisher (Deep Elf Hunter)                 Turns: 3345, Time: 00:01:29

Health: -11/35     AC:  5    Str: 10      XL:     6   Next: 98%
Magic:  8/8        EV: 12    Int: 13 (14) God:
Gold:   195        SH:  0    Dex: 17 (18) Spells: 5/5 levels left

rFire   . . .        Y - +0 shortbow
rCold   . . .        (shield currently unavailable)
rNeg    . . .        k - +0 ring mail
rPois   .            (no helmet)
rElec   .            (no cloak)
rCorr   .            (no gloves)
SInv    .            (no boots)
Will    .....        b - amulet of the acrobat
Stlth   ++           (no ring)
HPRegen 0.25/turn    (no ring)
MPRegen 0.11/turn

%: acrobat
@: no status effects
A: deterioration 1, sturdy frame 1, devolution 1
a: no special abilities


You were on level 5 of the Dungeon.
You visited 1 branch of the dungeon, and saw 5 of its levels.

You collected 195 gold pieces.


Innate Abilities, Weirdness & Mutations

Your body sometimes deteriorates upon taking damage.
Your movements are slightly less encumbered by armour. (ER -2)
You have hidden genetic defects.


   Skills:
 - Level 2.0 Fighting
 + Level 10.6 Ranged Weapons
 - Level 3.0 Dodging
 - Level 1.2 Stealth


You had 5 spell levels left.
You didn't know any spells.
Your spell library was empty.

Inventory:

Hand Weapons
 Y - a +0 shortbow (weapon)
Armour
 k - a +0 ring mail (worn)
Jewellery
 b - an amulet of the acrobat (around neck)
Scrolls
 a - a scroll of identify
 h - 3 scrolls of teleportation
Potions
 c - a potion of degeneration {unknown}
 d - 2 potions of curing
 g - a potion of might
 j - a potion of mutation

Dungeon Overview and Level Annotations

Branches:
Dungeon (5/15)
 Temple: D:4-7

Altars:
Ru

Annotations:
D:1 1 runed translucent door
D:5 Pikel


Message History

The lemure is moderately wounded.
You shoot an arrow.
The arrow hits the lemure but does no damage.
The lemure is moderately wounded.
You shoot an arrow. The arrow hits the orc priest.
The orc priest is moderately wounded.
You shoot an arrow. The arrow barely misses the lemure.
Pikel, Merchant of Souls comes into view.
He is wielding a +2 whip of flaming.
You shoot an arrow. The arrow hits the lemure.
The lemure is moderately wounded.
A lemure comes into view.
You shoot an arrow. The lemure shouts!
The arrow hits the lemure but does no damage.
The lemure is moderately wounded.
You hear a shout!
You shoot an arrow. The arrow hits the lemure.
The lemure is heavily wounded.
An orc comes into view. It is wielding a +0 hand axe.
An orc priest comes into view. It is wielding a +0 war axe.
The lemure hits you.
You shoot an arrow. The orc priest shouts!
The arrow hits the lemure.
The lemure is severely wounded.
The orc priest invokes the aid of Beogh against you.
Beogh smites you!
Your body deteriorates!
You feel dopey.
The orc priest hits you with a +0 falchion.
The lemure hits you but does no damage.
You shoot an arrow. The arrow hits the lemure!
You kill the lemure!
That felt strangely unrewarding.
The orc priest calls down the wrath of Beogh upon you.
Beogh smites you!
Your body deteriorates!
You feel clumsy.
An orc comes into view. It is wielding a +0 falchion.
The orc priest invokes the aid of Beogh against you.
Pain shoots through your body!
You die...

###.. ..##.# .....
#.##.# # ... #.##.# #.
#.###.##.# #.
#.....##.########
#.###...............
#####...........#######.
o5..K.o.#.####### #.
.##..@..# #. ..o....####
.. o#.#... ##. ..... #.
#.#.#. #. #. .##. # <#
#. #. #.


You could see Pikel, a lemure, 2 orc priests and 2 orcs.

Vanquished Creatures
  Sigmund (D:2)
  A lemure (D:5)
  A scorpion (D:4)
  A hound (D:4)
  A sleepcap (D:4)
  2 iguanas
  10 adders
  An ufetubus (D:4)
  3 worms
  2 dart slugs
  3 orcs (D:3)
  9 ball pythons
  4 endoplasms
  4 giant cockroaches
  9 goblins
  8 hobgoblins
  5 quokkas
  5 bats
  6 frilled lizards
  11 kobolds
  8 rats
95 creatures vanquished.

Notes
Turn   | Place    | Note
-------+----------+-------------------------------------------
     0 | D:1      | qw the Deep Elf Hunter began the quest for the Orb.
     0 | D:1      | Reached XP level 1. HP: 12/12 MP: 3/3
     0 | D:1      | 0 ||| qw: Version: 0.3-a-9-g12657ce
     0 | D:1      | 0 ||| qw: Game counter: 1932
     0 | D:1      | 0 ||| qw: Always use a shield: true
     0 | D:1      | 0 ||| qw: God list: Okawaru
     0 | D:1      | 0 ||| qw: Allow faded altars: false
     0 | D:1      | 0 ||| qw: Do Orc after D:15 true
     0 | D:1      | 0 ||| qw: Do second Lair branch before Depths: true
     0 | D:1      | 0 ||| qw: Lair rune preference: random
     0 | D:1      | 0 ||| qw: Plans: Normal
     0 | D:1      | 0 ||| PLANNING D:1-11
     1 | D:1      | Found a runed translucent door.
   157 | D:1      | Reached XP level 2. HP: 13/16 MP: 4/4
   186 | D:1      | Reached skill level 6 in Ranged Weapons
   694 | D:1      | 694 ||| DROPPING scarf of invisibility.
   695 | D:1      | 695 ||| READING 5 scrolls labelled TECLACKUDD.
   696 | D:1      | 696 ||| READING scroll labelled ZABRIJ KOKKE.
   697 | D:1      | 697 ||| READING 2 scrolls labelled FIEFIAGAO ALIL.
   698 | D:1      | 698 ||| DRINKING 2 murky green potions.
   722 | D:1      | 722 ||| READING 4 scrolls of identify.
   722 | D:1      | 722 ||| IDENTIFYING fizzy green potion
   723 | D:1      | 723 ||| READING 3 scrolls of identify.
   723 | D:1      | 723 ||| IDENTIFYING amethyst potion
   724 | D:1      | 724 ||| DROPPING scroll of butterflies.
   725 | D:1      | 725 ||| DROPPING scroll of vulnerability.
   726 | D:1      | 726 ||| DROPPING potion of lignification.
   731 | D:2      | Noticed Sigmund
   735 | D:2      | 735 ||| STAIRDANCE
   737 | D:2      | 737 ||| STAIRDANCE
   739 | D:1      | 739 ||| DRINKING potion of curing.
   739 | D:1      | 739 ||| (to cure confusion)
   749 | D:2      | 749 ||| STAIRDANCE
   787 | D:2      | 787 ||| STAIRDANCE
   832 | D:2      | Killed Sigmund
   833 | D:2      | Reached skill level 8 in Ranged Weapons
   833 | D:2      | Reached XP level 3. HP: 12/20 MP: 5/5
   833 | D:2      | Reached XP level 4. HP: 15/25 MP: 6/6
   833 | D:2      | Reached XP level 5. HP: 18/29 MP: 7/7
  1003 | D:2      | Found a sacrificial altar of Ru.
  1028 | D:2      | Reached skill level 9 in Ranged Weapons
  1366 | D:2      | Reached skill level 3 in Dodging
  1646 | D:2      | 1646 ||| READING 2 scrolls labelled YCSOCO GIECIGGUCS.
  1650 | D:2      | 1650 ||| READING scroll labelled JYUTOANUFOZ.
  1903 | D:3      | HP: 4/30 [iguana (13)]
  1904 | D:3      | 1904 ||| READING scroll of teleportation.
  1906 | D:3      | Reached XP level 6. HP: 5/35 MP: 8/8
  2200 | D:3      | Identified the +3 trident of Reason {heavy, Int+3}
  2497 | D:3      | 2497 ||| UPGRADING to +0 ring mail.
  2507 | D:3      | 2507 ||| DROPPING +0 leather armour.
  2508 | D:3      | 2508 ||| READING scroll labelled VUPTEWK OTACS.
  2509 | D:3      | 2509 ||| READING 3 scrolls labelled KETUIR SEUN.
  2510 | D:3      | 2510 ||| READING 3 scrolls of identify.
  2510 | D:3      | 2510 ||| IDENTIFYING fuming amethyst potion
  2511 | D:3      | 2511 ||| READING 2 scrolls of identify.
  2511 | D:3      | 2511 ||| IDENTIFYING inky potion
  2512 | D:3      | 2512 ||| DROPPING 2 scrolls of blinking.
  2513 | D:3      | 2513 ||| DROPPING potion of brilliance.
  2514 | D:3      | 2514 ||| DROPPING potion of ambrosia.
  2617 | D:4      | Reached skill level 10 in Ranged Weapons
  2735 | D:4      | 2735 ||| FLEEEEING.
  2736 | D:4      | 2736 ||| FLEEEEING.
  3094 | D:4      | 3094 ||| UPGRADING to amulet of the acrobat.
  3099 | D:4      | 3099 ||| DROPPING ring of wizardry.
  3100 | D:4      | 3100 ||| READING scroll labelled ROUCZO JUPS.
  3101 | D:4      | 3101 ||| DRINKING 2 metallic amethyst potions.
  3101 | D:4      | Gained mutation: You have hidden genetic defects. [potion
                  | of mutation]
  3101 | D:4      | Gained mutation: Your body sometimes deteriorates upon
                  | taking damage. [potion of mutation]
  3101 | D:4      | Gained mutation: Your movements are slightly less
                  | encumbered by armour. (ER -2) [potion of mutation]
  3102 | D:4      | 3102 ||| READING 2 scrolls of identify.
  3102 | D:4      | 3102 ||| IDENTIFYING smoky cyan potion
  3103 | D:4      | 3103 ||| DROPPING potion of attraction.
  3119 | D:5      | Entered Level 5 of the Dungeon
  3340 | D:5      | Noticed Pikel
  3345 | D:5      | HP: 1/35 [orc priest/divine providence (16)]
  3345 | D:5      | Killed from afar by an orc priest

Levels and vault maps discovered:
D:1:      dpeg_arrival_caged_fury, layout_loops_cross
D:2:      minmay_alternating_diamond, layout_basic, basic_altar,
          serial_corexii_hall, chequers_hall_statues_wall_a,
          chequers_hall_statues_wall_a, kennysheep_potato, uniq_sigmund
D:3:      layout_basic
D:4:      layout_cave_pools
D:5:      layout_loops_ring, mainiacjoe_overflow_two_lobes,
          mainiacjoe_overflow_catwalk_spiral, lemuel_doored_altar, uniq_pikel

Skill      XL: |  1  2  3  4  5  6 |
---------------+-------------------+-----
Ranged Weapons | 8 9 10 | 10.6
Dodging        | 3 |  3.0
Fighting       | 2 |  2.0
Stealth        | |  1.2

Action                     |  1- 3 |  4- 6 || total
---------------------------+-------+-------++-------
   Fire: Shortbow          |    70 |   233 ||   303
    Use: Scroll            |     5 |     9 ||    14
         Potion            |     2 |     1 ||     3
 Armour: Leather armour    |     5 |     2 ||     7
         Ring mail         |       |    10 ||    10
  Dodge: Dodged            |    18 |    36 ||    54

Table legend:
 A = Non-vault XP
 B = Vault XP
 C = Vault XP percentage of total XP
 D = Non-vault monster count
 E = Vault monster count
 F = Vault count percentage of total count
                 A         B        C        D         E       F
            +---------+---------+-------+---------+---------+-------
      Total |     491 |     235 |  32.4 |      86 |       8 |   8.5
            +---------+---------+-------+---------+---------+-------
        D:1 |      32 |       0 |   0.0 |      20 |       0 |   0.0
        D:2 |      56 |     235 |  80.8 |      19 |       8 |  29.6
        D:3 |     109 |       0 |   0.0 |      28 |       0 |   0.0
        D:4 |     229 |       0 |   0.0 |      16 |       0 |   0.0
        D:5 |      65 |       0 |   0.0 |       3 |       0 |   0.0
            +---------+---------+-------+---------+---------+-------
